 Dungeon Crawl Stone Soup version 0.31-a0-516-gfcb59812bd (webtiles) character file.

Game seed: 9770313750301309272

223 GordonOverkill the Sneak (level 6, 0/49 HPs)
             Began as a Vine Stalker Delver on Aug 10, 2023.
             Was a Follower of Trog.
             Slain by an orc warrior
             ... wielding a +0 hand axe
              (3 damage)
             ... on level 4 of the Dungeon.
             The game lasted 00:09:27 (3863 turns).

GordonOverkill the Sneak (Vine Stalker Delver)      Turns: 3863, Time: 00:09:28

Health: 0/49       AC: 11    Str: 16    XL:     6   Next: 0%
Magic:  0/16       EV:  2    Int: 10    God:    Trog [*.....]
Gold:   154        SH:  0    Dex: 16    Spells: 5/5 levels left

rFire   . . .        w - +0 war axe
rCold   . . .        (no shield)
rNeg    . . .        k - +0 plate armour
rPois   .            (no helmet)
rElec   .            s - +0 cloak
rCorr   .            (no gloves)
SInv    .            (no boots)
Will    +....        (no amulet) Stlth
                     a - ring of willpower
HPRegen 1.08/turn    j - ring of magical power
MPRegen 0.15/turn

%: guardian spirit
@: berserking, grasped by roots, constricted, very quick
A: fangs 2, regeneration 1, magic shield, antimagic bite, no potion heal 2
a: Renounce Religion, Berserk


You were on level 4 of the Dungeon.
You worshipped Trog.
Trog was aware of your devotion.
You visited 1 branch of the dungeon, and saw 6 of its levels.

You collected 176 gold pieces.
You spent 22 gold pieces at shops.

Inventory:

Hand Weapons
 w - a +0 war axe (weapon)
Armour
 k - a +0 plate armour (worn)
 s - a +0 cloak (worn)
Jewellery
 a - a ring of willpower (left hand)
 j - a ring of magical power (right hand)
Wands
 b - a wand of flame (25)
 g - a wand of digging (3)
Scrolls
 c - a scroll of fog
 d - 3 scrolls of revelation
 e - 2 scrolls of teleportation {unknown}
 i - 4 scrolls of fear
 l - 2 scrolls of poison {unknown}
 n - a scroll of brand weapon {unknown}
 o - 2 scrolls of enchant weapon {unknown}
 t - a scroll of enchant armour {unknown}
 v - a scroll of immolation {unknown}
Potions
 f - 5 potions of curing
 h - a potion of might
 p - 2 potions of resistance
 q - a potion of magic {unknown}
 r - a potion of mutation
 u - a potion of attraction {unknown}


   Skills:
 + Level 4.1 Fighting
 - Level 2.6 Short Blades
 + Level 2.8 Axes
 + Level 1.2 Armour
 - Level 1.5 Dodging
 - Level 6.0 Stealth


You had 5 spell levels left.
You didn't know any spells.
Your spell library was empty.

Dungeon Overview and Level Annotations

Branches:
Dungeon (6/15)
 Temple: D:4-7

Altars:
Trog

Shops:
D:1 (?   D:2 (   D:3 :

Annotations:
D:4 exclusion: scorpion
D:5 exclusions: jelly and scorpion


Innate Abilities, Weirdness & Mutations

You have extremely sharp teeth.
Your natural rate of healing is unusually fast.
When hurt, damage is shared between your health and your magic reserves.
Your bite disrupts and absorbs the magic of your enemies.
Potions cannot restore your health.


Message History

You fail to use your ability.
The orc warrior hits you with a +0 hand axe!
* * * LOW HITPOINT WARNING * * *
The grasping roots constrict you.
The orc priest calls down the wrath of Beogh upon you.
Beogh smites you!
* * * LOW HITPOINT WARNING * * *
An orc comes into view. It is wielding a +0 flail.
A red film seems to cover your vision as you go berserk!
You feel yourself moving faster!
You feel mighty!
An orc comes into view. It is wielding a +0 flail.
The orc warrior hits you with a +0 hand axe!
* * * LOW HITPOINT WARNING * * *
The grasping roots constrict you!
* * * LOW HITPOINT WARNING * * *
The grasping roots release their grip on you.
You hit the orc warrior.
The orc warrior is lightly wounded.
The orc warrior hits you with a +0 hand axe.
* * * LOW HITPOINT WARNING * * *
You hit the orc warrior. Your bite misses the orc warrior.
The orc warrior is moderately wounded.
You completely miss the orc warrior.
The orc warrior is moderately wounded.
The orc warrior hits you with a +0 hand axe.
* * * LOW HITPOINT WARNING * * *
You slash the orc warrior! You bite the orc warrior. You drain its power.
You feel invigorated.
The orc warrior is almost dead.
The orc warrior zaps a wand.
The roots erupt in riotous growth!
The grasping roots grab you!
The orc warrior is unaffected.
The grasping roots constrict you!
* * * LOW HITPOINT WARNING * * *
You closely miss the orc warrior.
The orc warrior is almost dead.
You slash the orc!
You kill the orc!
Trog accepts your kill.
The orc warrior hits you with a +0 hand axe!
You die...

######...[...#
#...##..._...#
#....##.....##
#....###...##
#.>.<###..##
#.....##.##
#........#
#...<....#
#....#..@#
#....#.)o###
##.####..o.# #
#.# #..#.## .##
. #.# #..#..#
..#.. #.#
##.÷..###
...... #.#
#.#....##......
#.#
#.##.#.#†....#
#.#
#.##....†....#


You could see an orc warrior and an orc priest.

Vanquished Creatures
  A scorpion (D:3)
  A gnoll (D:1)
  6 adders
  4 worms
  4 dart slugs
  2 orcs (D:4)
  12 ball pythons
  3 endoplasms
  3 giant cockroaches
  7 goblins
  3 hobgoblins
  8 jackals
  5 kobolds
  7 quokkas
  5 bats
  3 frilled lizards (D:2)
  3 rats
77 creatures vanquished.

Notes
Turn   | Place    | Note
-------+----------+-------------------------------------------
     0 | D:5      | GordonOverkill the Vine Stalker Delver began the quest for
                  | the Orb.
     0 | D:5      | Reached XP level 1. HP: 11/11 MP: 2/2
     9 | D:5      | Noticed a jelly
    86 | D:6      | Noticed a hound
   375 | D:5      | Noticed a scorpion
   416 | D:4      | Noticed a scorpion
   524 | D:5      | Noticed an ice beast
   685 | D:4      | Found a bloodstained altar of Trog.
   692 | D:4      | Reached XP level 2. HP: 16/16 MP: 3/3
   693 | D:4      | Became a worshipper of Trog the Wrathful
   928 | D:3      | Noticed a scorpion
   972 | D:2      | Reached XP level 3. HP: 5/19 MP: 2/4
  1001 | D:2      | Found Julej's Antique Weapon Boutique.
  1112 | D:2      | Reached skill level 1 in Axes
  1197 | D:1      | Found Uremol's Weapon Shoppe.
  1357 | D:1      | Found Riqaci Icero's Magic Scroll Boutique.
  1370 | D:1      | Bought a scroll of identify for 22 gold pieces
  1518 | D:1      | Gained mutation: Your natural rate of healing is unusually
                  | fast. [Vine Stalker growth]
  1518 | D:1      | Reached XP level 4. HP: 24/24 MP: 5/5
  1648 | D:1      | Reached * piety under Trog
  1655 | D:1      | Found a faded altar of an unknown god.
  2963 | D:3      | Reached XP level 5. HP: 29/29 MP: 6/6
  3147 | D:3      | Found Keklil's Vocational Training.
  3658 | D:3      | Reached skill level 1 in Armour
  3774 | D:4      | Reached XP level 6. HP: 33/33 MP: 7/7
  3851 | D:4      | Noticed an orc warrior
  3862 | D:4      | HP: 2/49 [constriction (2)]
  3863 | D:4      | Slain by an orc warrior

Illustrated notes

Levels and vault maps discovered:
D:1:      onia_arrival_pentagram, layout_basic, serial_shops,
          nicolae_shop_statue_plus, shop,
          shapermc_ecumenical_altar_totnotflames, minmay_stone_trees_small
D:2:      layout_rooms, serial_shops, nicolae_shop_tiny_waterfront,
          chequers_mini_garden
D:3:      layout_rooms, roderic_serpentine_path, fountainhead,
          serial_bayou_pond_b, nicolae_shop_vocational
D:4:      layout_rooms, mainiacjoe_overflow_cross_hatched, trog_butcher_becter
D:5:      wander_river, layout_loops_corners, temple_hall
D:6:      layout_cave_pools, nicolae_overflow_hidden_temple, uniq_blork_the_orc

Skill      XL: |  1  2  3  4  5 |
---------------+----------------+-----
Short Blades   | 2 |  2.6
Fighting       | 3 4 |  4.1
Axes           | 1 2 |  2.8
Armour         | 1 |  1.2
Dodging        | |  1.5
Stealth        | |  6.0

Action                     |  1- 3 |  4- 6 || total
---------------------------+-------+-------++-------
  Melee: Short sword       |    89 |       ||    89
         Bite              |    17 |    28 ||    45
         Hand axe          |    11 |   122 ||   133
         Punch             |       |     1 ||     1
         War axe           |       |    11 ||    11
 Invoke: Berserk           |       |     6 ||     6
    Use: Potion            |     3 |       ||     3
         Scroll            |     4 |     2 ||     6
   Stab: Sleeping          |    11 |     8 ||    19
 Armour: Leather armour    |    21 |    22 ||    43
         Ring mail         |       |     4 ||     4
         Plate armour      |       |    42 ||    42
  Dodge: Dodged            |    87 |    68 ||   155

Table legend: (Time is in decaauts)
 A = Elapsed time spent in this place.
 B = Non-inter-level travel time spent in this place.
 C = Inter-level travel time spent in this place.
 D = Time resting spent in this place.
 E = Time spent auto-exploring this place.
 F = Levels seen in this place.
 G = Mean time per level.
                   A        B        C        D        E       F      G
               +--------+--------+--------+--------+--------+-----+--------+
         Total |   3919 |   3759 |    160 |   1065 |   1510 |   6 |  653.2 |
       Dungeon |   3919 |   3759 |    160 |   1065 |   1510 |   6 |  653.2 |
               +--------+--------+--------+--------+--------+-----+--------+

Top non-repeatable levels by time:
     D:1: 1097 daAuts
     D:3: 1003 daAuts
     D:2: 921 daAuts
     D:4: 458 daAuts
     D:5: 436 daAuts
     D:6: 1 daAuts
